 Dungeon Sprint DCSS version 0.30.1-11-g7821555f0a (webtiles) character file.

Game seed: 10542048171717506926

428 booth the Shield-Bearer (level 6, 0/54 (68) HPs)
             Began as a Troll Fighter on Nov 29, 2023.
             Slain by Sonja
             ... wielding a +1 short sword of draining
              (1 damage)
             ... in the Dungeon (Sprint I: "Red Sonja").
             The game lasted 00:03:11 (146 turns).

booth the Shield-Bearer (Troll Fighter)              Turns: 146, Time: 00:03:11

HP:   0/54 (68)     AC:  4    Str: 25    XL:     6   Next: 65%
MP:   5/5           EV: 11    Int:  4    God:
Gold: 135           SH: 10    Dex: 11    Spells: 5/5 levels left

rFire   . .          .
                       - Unarmed
rCold   . . .        b - +0 kite shield
rNeg    . . .        a - +0 robe
rPois   .            (helmet restricted)
rElec   .            (no cloak)
rCorr   .            (gloves unavailable)
SInv    .            (boots unavailable)
Will    .....        (no amulet)
Stlth   +            (no ring)
HPRegen 1.09/turn    (no ring)
MPRegen 0.09/turn

%: no teleportation
@: lethally poisoned (0 -> 0), slowed, heavily drained, very slow
A: large, unfitting armour, claws 3, regeneration 1, shaggy fur 1, tough skin 1
a: no special abilities


You were in the Dungeon.
You visited 1 branch You collected 305 gold pieces.
You spent 170 gold pieces at shops.

Inventory:

Armour
 a - a +0 robe (worn)
 b - a +0 kite shield (worn)
Wands
 j - a wand of digging (9)
Scrolls
 i - 2 scrolls of blinking
 k - 5 scrolls of identify
Potions
 c - a potion of might
 d - a potion of curing
 e - a potion of heal wounds
 f - a potion of haste
 g - 2 potions of magic
 h - a potion of berserk rage


   Skills:
 + Level 6.9 Fighting
 + Level 6.6 Dodging
 + Level 7.4 Shields
 + Level 6.4 Unarmed Combat


You had 5 spell levels left.
You didn't know any spells.
Your spell library was empty.

Dungeon Overview and Level Annotations

Branches:
Dungeon (1/1)

Altars:
Cheibriados
Dithmenos
Elyvilon
Fedhas
Gozag
Hepliaklqana
Kikubaaqudgha
Nemelex Xobeh
Okawaru
Qazlal
Ru
Sif Muna
Trog
Uskayaw
Vehumet
Wu Jian
Yredelemnul
Zin
The Shining One

Shops:
D ?

Annotations:
D Sonja


Innate Abilities, Weirdness & Mutations

You are too large for most types of armour.
You have claws for hands.
Your natural rate of healing is unusually fast.
You are covered in fur. (AC +1)
You have tough skin. (AC +1)


Message History

You completely miss Sonja.
Sonja is lightly wounded.
You feel sick. You block Sonja's attack.
Sonja hits you with a +1 short sword of draining!
You feel drained.
Sonja hits you with a +1 short sword of draining.
You feel drained. You block Sonja's attack.
Sonja hits you with a +1 short sword of draining.
You feel drained. Sonja closely misses you.
You closely miss Sonja.
Sonja is lightly wounded.
You feel sick.
Sonja gestures wildly while chanting.
Sonja blinks!
Sonja throws a curare-tipped dart.
You block the curare-tipped dart.
You feel sick.
You are no longer poisoned.
Sonja throws a curare-tipped dart.
You block the curare-tipped dart.
Sonja throws a curare-tipped dart.
The curare-tipped dart hits you.
You are poisoned.
You have difficulty breathing.
* * * LOW HITPOINT WARNING * * *
You feel as though you will be slow longer.
You close the door.
You feel very sick.
You start resting.
You feel very sick.
You feel sick.
Sonja is nearby!
You closely miss Sonja.
Sonja is lightly wounded.
You feel sick. Sonja barely misses you. You block Sonja's attack.
Sonja barely misses you.
Sonja hits you with a +1 short sword of draining.
* * * LOW HITPOINT WARNING * * *
You feel drained.
Sonja hits you with a +1 short sword of draining.
* * * LOW HITPOINT WARNING * * *
You feel drained.
You die...

#..').#..)..#..+
#..#####'#####'#
#..####..#...#.#
#..#__####..##.#
#..#_____##'#_.+
#⌠⌠#_.∩...'..._#
####_..__##_.#+#
#_____###K#
####### #@#
+$.$+ #$.$#
##.## #+#


You could see Sonja.

Vanquished Creatures
  Sigmund (D)
  A yak (D)
  An ogre (D)
  A jelly (D)
  Ijyb (D)
5 creatures vanquished.

Notes
Turn   | Place    | Note
-------+----------+-------------------------------------------
     0 | D        | booth the Troll Fighter began the quest for the Orb.
     0 | D        | Reached XP level 1. HP: 22/22 MP: 0/0
     2 | D        | Noticed Ijyb
    18 | D        | Killed Ijyb
    19 | D        | Reached skill level 3 in Shields
    19 | D        | Reached XP level 2. HP: 26/31 MP: 1/1
    23 | D        | Noticed an ogre
    28 | D        | Killed an ogre
    29 | D        | Reached skill level 5 in Shields
    29 | D        | Reached XP level 3. HP: 40/40 MP: 2/2
    29 | D        | Reached XP level 4. HP: 49/49 MP: 3/3
    43 | D        | Noticed Sigmund
    58 | D        | Killed Sigmund
    59 | D        | Reached skill level 5 in Dodging
    59 | D        | Reached skill level 6 in Shields
    59 | D        | Reached skill level 5 in Unarmed Combat
    59 | D        | Reached XP level 5. HP: 57/59 MP: 4/4
    74 | D        | Found an ornate altar of the Wu Jian Council.
    74 | D        | Found a shimmering blue altar of Sif Muna.
    76 | D        | Found a radiant altar of Vehumet.
    84 | D        | Reached XP level 6. HP: 63/67 MP: 5/5
   107 | D        | Found Fetuwk's Magic Scroll Emporium.
   107 | D        | Found an ancient bone altar of Kikubaaqudgha.
   107 | D        | Found a hazy altar of Hepliaklqana.
   107 | D        | Found a stormy altar of Qazlal.
   107 | D        | Found a hide-covered altar of Uskayaw.
   107 | D        | Found a blossoming altar of Fedhas.
   107 | D        | Found a bloodstained altar of Trog.
   107 | D        | Found an iron altar of Okawaru.
   107 | D        | Found a basalt altar of Yredelemnul.
   107 | D        | Found a glowing golden altar of the Shining One.
   107 | D        | Found a snail-covered altar of Cheibriados.
   107 | D        | Found a sacrificial altar of Ru.
   107 | D        | Found a glowing silver altar of Zin.
   107 | D        | Found a shadowy altar of Dithmenos.
   107 | D        | Found a white marble altar of Elyvilon.
   107 | D        | Noticed a yak
   115 | D        | Killed a yak
   116 | D        | Reached skill level 7 in Shields
   116 | D        | Found an opulent altar of Gozag.
   117 | D        | Found a sparkling altar of Nemelex Xobeh.
   121 | D        | Bought a scroll of identify for 22 gold pieces
   121 | D        | Bought a scroll of identify for 22 gold pieces
   121 | D        | Bought a scroll of blinking for 82 gold pieces
   121 | D        | Bought a scroll of identify for 22 gold pieces
   121 | D        | Bought a scroll of identify for 22 gold pieces
   136 | D        | Noticed Sonja
   146 | D        | HP: 1/56 [Sonja/+1 short sword of draining (4)]
   146 | D        | Slain by Sonja

Illustrated notes

Levels and vault maps discovered:
D:        dungeon_sprint_1 [red_sonja_temple_1, red_sonja_temple_small_1]

Skill      XL: |  1  2  3  4  5  6 |
---------------+-------------------+-----
Fighting       | 3 4 6 |  6.9
Dodging        | 3 4 5 6 |  6.6
Shields        | 3 5 6 7 |  7.4
Unarmed Combat | 4 5 6 |  6.4

Action                     |  1- 3 |  4- 6 || total
---------------------------+-------+-------++-------
  Melee: Unarmed           |    18 |    21 ||    39
 Armour: Robe              |     1 |     4 ||     5
  Dodge: Dodged            |     6 |    14 ||    20
  Block: Kite shield       |     3 |    11 ||    14
